 Dungeon Crawl Stone Soup version 0.31.0-32-g396128a36d (webtiles) character file.

Game seed: 1344144733616999810

205436 CrazyMind the Sorcerer (level 18, -6/100 HPs)
             Began as a Deep Elf Conjurer on Apr 15, 2024.
             Was an Initiate of Gozag.
             Killed by an exploding fulminant prism (30 damage)
             ... on level 4 of the Snake Pit on Apr 19, 2024.
             The game lasted 03:48:26 (49506 turns).

CrazyMind the Sorcerer (Deep Elf Conjurer)         Turns: 49506, Time: 03:48:28

Health: -6/100     AC: 14    Str:  4    XL:     18   Next: 4%
Magic:  40/47      EV: 15    Int: 41    God:    Gozag
Gold:   8138       SH: 12    Dex: 16    Spells: 41/63 levels left

rFire   + . .        P - staff of air
rCold   . . .        r - +1 buckler {rPois}
rNeg    . . .        p - +3 leather armour "Opejyfiyrph" {+Blink Will+ Dex+3}
rPois   +            q - +1 helmet
rElec   +            J - +2 cloak {Stlth+}
rCorr   .            k - +0 pair of gloves {Stlth+}
SInv    .            t - +0 pair of boots {Fly}
Will    ++...        U - amulet of Ishioc {Reflect rC+ Int+3 SH+5}
Stlth   +++++        T - +6 ring of intelligence
HPRegen 0.36/turn    H - ring of fire
MPRegen 0.30/turn

%: reflection
@: weakened, flying
A: no striking features
}: 1/15 runes: decaying
a: Renounce Religion, Evoke Blink, Potion Petition, Call Merchant, Bribe Branch


You were on level 4 of the Snake Pit.
You worshipped Gozag.
Gozag was greatly pleased with you.
You visited 5 branches of the dungeon, and saw 29 of its levels.
You also visited: Ossuary.

You collected 10286 gold pieces.
You spent 474 gold pieces at shops.
You paid 1674 gold pieces to Gozag.

Inventory:

Hand Weapons
 N - a +2 dagger of venom
Missiles
 K - 14 boomerangs
 O - 29 poisoned darts (quivered)
 S - 10 curare-tipped darts
 X - 12 atropa-tipped darts
Armour
 k - a +0 pair of gloves of stealth (worn)
 p - the +3 leather armour "Opejyfiyrph" (worn) {+Blink Will+ Dex+3}
   (You found it on level 1 of the Swamp)

   Dex+3:     It affects your dexterity (+3).
   Will+:     It increases your willpower.
   +Blink:    It lets you blink.
 q - a +1 helmet (worn)
 r - a +1 buckler of poison resistance (worn)
 t - a +0 pair of boots of flying (worn)
 J - a +2 cloak of stealth (worn)
Magical Staves
 x - a staff of earth
 P - a staff of air (weapon)
Jewellery
 f - a +5 ring of evasion
 j - a ring of protection from cold
 m - a ring of protection from cold
 D - a ring of protection from fire
 H - a ring of fire (right hand)
 R - a ring of magical power
 T - a +6 ring of intelligence (left hand)
 U - the amulet of Ishioc (around neck) {Reflect rC+ Int+3 SH+5}
   (You found it on level 9 of the Dungeon)

   [amulet of reflection]

   Reflect:   It reflects blocked missile attacks.
   Int+3:     It affects your intelligence (+3).
   rC+:       It protects you from cold.
   SH+5:      It affects your SH (+5).
Wands
 h - a wand of quicksilver (20)
 z - a wand of polymorph (12)
 C - a wand of charming (23)
 G - a wand of flame (35)
 I - a wand of roots (32)
 Z - a wand of mindburst (29)
Scrolls
 a - a scroll of acquirement {unknown}
 g - 5 scrolls of silence
 l - 3 scrolls of butterflies
 y - 5 scrolls of vulnerability
 A - a scroll of fear {unknown}
 F - 13 scrolls of teleportation
 L - 3 scrolls of revelation
 M - 5 scrolls of blinking
 Q - 3 scrolls of fog
 Y - 3 scrolls of poison
Potions
 b - 4 potions of magic
 c - 6 potions of haste
 d - 2 potions of might
 e - 3 potions of lignification
 i - 10 potions of brilliance
 n - 8 potions of mutation
 o - 3 potions of heal wounds
 s - 2 potions of resistance
 u - 9 potions of curing
 v - 2 potions of berserk rage {unknown}
 w - 4 potions of enlightenment
 W - 5 potions of invisibility
Miscellaneous
 B - a lightning rod (4/4)
 E - a condenser vane
 V - a phantom mirror


   Skills:
 * Level 6.8 Fighting
 * Level 5.5 Armour
 * Level 11.0 Dodging
 + Level 6.9 Stealth
 * Level 6.1 Shields
 + Level 23.0 Spellcasting
 + Level 18.8 Conjurations
 + Level 3.6 Translocations
 + Level 9.6 Fire Magic
 * Level 9.2 Earth Magic
 + Level 8.3 Alchemy
 * Level 7.8 Evocations


You had 41 spell levels left.
You knew the following spells:

 Your Spells              Type           Power      Damage    Failure   Level
a - Magic Dart            Conj           100%       1d8       0%          1
b - Searing Ray           Conj           100%       2d8       0%          2
c - Iskenderun's Mystic   Conj/Tloc      96%        2d19      1%          4
d - Fulminant Prism       Conj/Alch      51%        3d23      1%          4
e - Stone Arrow           Conj/Erth      100%       3d13      0%          3
f - Fireball              Conj/Fire      64%        3d24      1%          5
g - Passwall              Erth           89%        N/A       1%          3

Your spell library contained the following spells:

 Spells                   Type           Power      Damage    Failure   Level
 Sting                    Conj/Alch      100%       1d9       0%          1
 Apportation              Tloc           100%       N/A       1%          1
 Kiss of Death            Conj/Necr      100%       2d13      1%          1
 Necrotise                Necr           100%       1d9       1%          1
 Slow                     Hex            100%       N/A       1%          1
 Summon Small Mammal      Summ           100%       N/A       1%          1
 Call Imp                 Summ           94%        N/A       1%          2
 Cigotuvi's Dreadful Rot  Necr/Alch/Air  100%       N/A       1%          2
 Ensorcelled Hibernation  Hex/Ice        94%        N/A       1%          2
 Lesser Beckoning         Tloc           100%       N/A       1%          2
 Static Discharge         Conj/Air       100%       3-8/arc   1%          2
 Sublimation of Blood     Necr           47%        N/A       1%          2
 Gell's Gravitas          Tloc           67%        N/A       1%          3
 Inner Flame              Hex/Fire       92%        N/A       1%          3
 Teleport Other           Tloc           67%        N/A       1%          3
 Volatile Blastmotes      Fire/Tloc      100%       2d18      1%          3
 Animate Armour           Summ/Erth      100%       N/A       1%          4
 Flame Wave               Conj/Fire      100%       2d21      1%          4
 Sticky Flame             Fire/Alch      100%       2d15      1%          4
 Confusing Touch          Hex            47%        N/A       3%          3
 Sigil of Binding         Hex            47%        N/A       3%          3
 Summon Ice Beast         Ice/Summ       47%        N/A       3%          3
 Swiftness                Air            63%        N/A       3%          3
 Tukima's Dance           Hex            47%        N/A       3%          3
 Vampiric Draining        Necr           47%        2d9       3%          3
 Dimensional Bullseye     Hex/Tloc       29%        N/A       6%          4
 Eringya's Noxious Bog    Alch           43%        4d6       6%          6
 Airstrike                Air            31%        2d(5-21)  12%         4
 Cause Fear               Hex            23%        N/A       12%         4
 Dispel Undead            Necr           47%        3d18      12%         4
 Martyr's Knell           Necr/Summ      47%        N/A       12%         4
 Summon Lightning Spire   Summ/Air       63%        N/A       12%         4
 Summon Forest            Summ/Tloc      29%        N/A       17%         5
 Lehudib's Crystal Spear  Conj/Erth      52%        10d12     26%         8
 Summon Mana Viper        Hex/Summ       47%        N/A       34%         5
 Sculpt Simulacrum        Ice/Alch       34%        N/A       34%         6
 Death Channel            Necr           23%        N/A       88%         6
 Monstrous Menagerie      Summ           23%        N/A       100%        7
 Ozocubu's Refrigeration  Ice            23%        4d12      100%        7
 Summon Hydra             Summ           23%        N/A       100%        7
 Dragon's Call            Summ           23%        N/A       100%        9
 Polar Vortex             Ice            23%        12d3*     100%        9


Dungeon Overview and Level Annotations

Branches:
Dungeon (15/15) Zot: 25018  Temple (1/1) D:6 Zot: 5959    Lair (5/5) D:9 Zot: 19043
  Swamp (4/4) Lair:2 Zot: 18486   Snake (4/4) Lair:3 Zot: 13765   Slime (0/5) Lair:5
    Orc (0/2) D:12         Vaults (0/5) D:13         Depths (0/4) D:15
Ossuary (visited)

Altars:
Ashenzari
Cheibriados
Dithmenos
Elyvilon
Fedhas
Gozag
Hepliaklqana
Kikubaaqudgha
Makhleb
Nemelex Xobeh
Okawaru
Qazlal
Ru
Sif Muna
Trog
Uskayaw
Vehumet
Wu Jian
Xom
Yredelemnul
Zin
The Shining One
Jiyva
Lugonu

Shops:
D:1 =   Lair:1 :[

Portals:
Abyss: D:11 Lair:5

Annotations:
D:7 3 runed translucent doors, Peloso's ghost, novice MiFi
D:13 3 runed translucent doors, cfcfcfcfcf's ghost, journeyman TeCj; ripuliukko's ghost, journeyman GrEE
D:15 1 runed translucent door, exclusion: orange crystal statue
Swamp:3 3 runed translucent doors, ZingZang1235's ghost, adept FoFi


Message History

You conjure a prism of explosive energy!
A fulminant prism comes into view.
Unknown command.
The nagaraja mumbles some strange words.
The nagaraja seems to speed up.
Your fulminant prism crackles loudly.
You hear a shout!
Your fulminant prism explodes!
The blast of energy engulfs the salamander tyrant!!
The salamander tyrant is heavily wounded.
Casting: Fulminant Prism (safe; 1% risk of failure)
Confirm with . or Enter, or press ? or * to list all spells.
Aiming: Fulminant Prism (safe; 1% risk of failure)
Press: ? - help, Dir - move target You conjure a prism of explosive energy!
A fulminant prism comes into view.
The salamander tyrant rends the earth beneath you!
The blast of magma engulfs you!!!
Unknown command.
The salamander tyrant rends the earth beneath you!
The blast of magma engulfs you!!
* * * LOW HITPOINT WARNING * * *
Your fulminant prism crackles loudly.
You hear a shout!
You're wearing all the rings you can.
Remove which one? (? for menu, Esc to cancel) < or
T - a +6 ring of intelligence; > or
f - a +5 ring of evasion You remove your +5 ring of evasion.
The salamander tyrant gazes fiercely through you!
You feel your attacks grow feeble.
You feel more attuned to fire.
H - a ring of fire (right hand)
Your fulminant prism explodes!
The blast of energy engulfs the salamander tyrant!
The salamander tyrant is heavily wounded.
The blast of energy engulfs the nagaraja!!
The nagaraja is moderately wounded.
The blast of energy engulfs you!!
You die...
Your body crumbles into a pile of gold.

..#.)..#...##.. #....# #.[...
..#.).##.[.#... ##)..# #.....
..##..#...##.N. #...# #.....
..##).#[..#...# #...# #).)..
...#..#...#...# ##...###[....
...##.#...#.NN## ##...###.....#
....#.#...#....## ##....##......#
....#.#...##....###...[##.......#
....#.##...#..≈.@≈....##.)[.....#
...##..#...##.≈.≈≈...##..)......#
...##..##...###.....##.....#....#
...##...#.....#######.....##....#
...##...##....[[.........###....#
...##...####...........### #.[..#
..#####..######......### #[...#
..# ##.##...######## ##....# ..##
#.#..##..### ##...###


You could see a nagaraja (fast) and a salamander tyrant.

Vanquished Creatures
  2 thorn hunters (Swamp:4)
  17 nagarajas
  Aizul (Snake:3)
  5 eleionomae
  A bunyip (Swamp:2)
  Snorg (D:14)
  A vault guard (D:13)
  14 hydras
  Fannar (D:10)
  2 salamander tyrants
  A ghost crab (Swamp:2)
  3 centaur warriors (D:15)
  10 anacondas
  6 two-headed ogres
  A death knight (D:14)
  5 boulder beetles
  17 naga warriors
  3 alligators (Swamp:3)
  2 tengu warriors (D:13)
  12 naga sharpshooters
  11 shock serpents
  2 thrashing horrors (Lair:5)
  Nergalle (D:10)
  6 spriggans
  2 salamander mystics (Snake:4)
  10 goliath frogs
  A glowing orange brain (D:13)
  6 spriggan druids
  16 mana vipers
  9 swamp dragons
  A bog body (Swamp:3)
  3 lindwurms (Swamp:4)
  13 naga ritualists
  2 large abominations (Lair:5)
  2 deep elf pyromancers (D:15)
  A wolf spider (D:15)
  Pikel (D:7)
  7 cyclopes
  10 ugly things
  16 salamanders
  5 manticores
  3 meliai (D:13)
  3 will-o-the-wisps
  Maurice (D:7)
  A rust devil (D:14)
  A black mamba (shapeshifter) (Lair:5)
  48 black mambas
  4 smoke demons
  6 guardian serpents
  5 elephants
  17 naga magi
  2 gargoyles (D:12)
  2 orange demons (D:14)
  2 rime drakes (Lair:4)
  10 cane toads
  Jeremiah (D:6)
  2 efreet
  6 komodo dragons
  3 yaktaurs (D:15)
  An ice devil (D:14)
  A tengu conjurer (D:15)
  4 kobold demonologists
  5 hornets
  A wolf spider simulacrum (D:15)
  A bloated husk (Swamp:1)
  7 tyrant leeches
  5 trolls
  A polar bear (Lair:2)
  33 blink frogs
  A raiju (Lair:5)
  A centaur simulacrum (D:15)
  4 wraiths
  4 ynoxinuls
  2 wyverns
  A vampire (D:11)
  A yak (shapeshifter) (Lair:5)
  42 yaks
  10 basilisks
  4 steam dragons
  10 vampire mosquitoes
  4 chaos spawn
  A neqoxec (D:14)
  17 swamp worms
  8 small abominations (Lair:5)
  An acid dragon (D:9)
  56 nagas
  17 water moccasins
  5 orc warriors
  2 ice beasts
  10 swamp drakes
  5 black bears
  4 boggarts (D:14)
  2 laughing skulls (D:14)
  4 ogres
  16 wolves
  14 centaurs
  A phantom (D:6)
  3 kobold brigands
  9 bullfrogs
  2 gnoll sergeants
  A scorpion (D:6)
  10 water moccasin zombies (Ossuary)
  A burial acolyte (Ossuary)
  11 wights
  6 killer bees
  4 howler monkeys
  2 bombardier beetles
  3 jellies
  4 orc priests
  2 spectral scorpions (Ossuary)
  6 hounds
  Jessica (D:2)
  A sleepcap (D:5)
  7 iguanas
  9 orc wizards
  3 mummies
  Robin (D:2)
  7 adders
  9 gnolls
  A shadow imp (D:7)
  A white imp (D:7)
  3 adder zombies (Ossuary)
  3 dart slugs
  4 ribbon worms
  37 orcs
  9 ball pythons
  3 bats
  8 endoplasms
  8 giant cockroaches
  6 hobgoblins
  7 jackals
  15 kobolds
  5 quokkas
  2 frilled lizards (D:1)
  11 gnoll zombies (Ossuary)
  19 goblins
  A hobgoblin zombie (D:4)
  4 jackal zombies (Ossuary)
  4 orc zombies (Ossuary)
  4 rats
  A butterfly (Lair:1)
  2 lurking horrors (D:11)
913 creatures vanquished.

Vanquished Creatures (collateral kills)
  An orc priest (D:6)
  2 orcs (D:6)
3 creatures vanquished.

Vanquished Creatures (others)
  A yak (D:9)
  A water moccasin (D:9)
  12 foxfires
  439 fulminant prisms
453 creatures vanquished.

Grand Total: 1369 creatures vanquished

Notes
Turn   | Place    | Note
-------+----------+-------------------------------------------
     0 | D:1      | CrazyMind the Deep Elf Conjurer began the quest for the
                  | Orb.
     0 | D:1      | Reached XP level 1. HP: 10/10 MP: 6/6
   143 | D:1      | Reached XP level 2. HP: 15/15 MP: 2/8
   146 | D:1      | Learned a level 2 spell: Searing Ray
   262 | D:1      | Reached skill level 5 in Conjurations
   620 | D:1      | Found Exewam's Jewellery Shoppe.
   632 | D:1      | Reached XP level 3. HP: 16/19 MP: 6/9
  1400 | D:2      | Noticed Robin
  1433 | D:2      | Killed Robin
  1434 | D:2      | Reached XP level 4. HP: 24/24 MP: 4/11
  1716 | D:2      | Learned a level 4 spell: Iskenderun's Mystic Blast
  1812 | D:2      | Noticed Jessica
  1966 | D:2      | Found a faded altar of an unknown god.
  2292 | D:3      | Found a sparkling altar of Nemelex Xobeh.
  2407 | D:3      | Reached skill level 4 in Spellcasting
  2809 | D:3      | Reached XP level 5. HP: 28/28 MP: 6/13
  2863 | D:3      | Learned a level 4 spell: Fulminant Prism
  3313 | D:4      | Noticed a black bear
  3369 | D:4      | Found a sand-covered staircase.
  3377 | Ossuary  | Entered an ossuary
  3476 | Ossuary  | Reached skill level 5 in Spellcasting
  3480 | Ossuary  | Reached XP level 6. HP: 31/32 MP: 2/16
  3677 | Ossuary  | Reached skill level 1 in Evocations
  3679 | Ossuary  | Reached XP level 7. HP: 18/36 MP: 0/17
  3803 | Ossuary  | Reached skill level 6 in Spellcasting
  4059 | Ossuary  | Reached skill level 7 in Spellcasting
  4609 | D:4      | Reached XP level 8. HP: 42/42 MP: 13/21
  5513 | D:2      | Killed Jessica
  5657 | D:5      | Entered Level 5 of the Dungeon
  5754 | D:5      | Learned a level 3 spell: Stone Arrow
  5771 | D:5      | Reached skill level 8 in Spellcasting
  6267 | D:5      | Found a burning altar of Makhleb.
  6507 | D:5      | Reached skill level 9 in Spellcasting
  6659 | D:5      | Reached skill level 1 in Earth Magic
  6891 | D:6      | Found a broken altar of Ashenzari.
  6904 | D:6      | Reached skill level 5 in Stealth
  7035 | D:6      | Reached XP level 9. HP: 46/46 MP: 17/24
  7213 | D:6      | Reached skill level 10 in Conjurations
  7417 | D:6      | Noticed Jeremiah
  7427 | D:6      | Reached skill level 10 in Spellcasting
  7450 | D:6      | Killed Jeremiah
  7652 | D:6      | Noticed a troll
  7902 | D:6      | Killed a troll
  7903 | D:6      | Reached skill level 11 in Spellcasting
  7903 | D:6      | Reached skill level 1 in Alchemy
  7991 | D:6      | Found a staircase to the Ecumenical Temple.
  7997 | Temple   | Found a transporter.
  7997 | Temple   | Found a transporter.
  7997 | Temple   | Found a transporter.
  7997 | Temple   | Found a transporter.
  7997 | Temple   | Entered the Ecumenical Temple
  8021 | Temple   | Became a worshipper of Gozag Ym Sagoz the Greedy
  8059 | D:6      | Found an ancient bone altar of Kikubaaqudgha.
  8910 | D:7      | Noticed Maurice
  8914 | D:7      | Killed Maurice
  8915 | D:7      | Reached skill level 1 in Fighting
  9083 | D:7      | Reached skill level 12 in Spellcasting
  9147 | D:7      | Noticed Pikel
  9150 | D:7      | Killed Pikel
  9151 | D:7      | Reached XP level 10. HP: 52/52 MP: 17/28
  9479 | D:7      | Found a sacrificial altar of Ru.
  9791 | D:7      | Found a runed translucent gate.
  9791 | D:7      | Found a runed translucent gate.
  9791 | D:7      | Found a runed translucent gate.
  9792 | D:7      | Noticed Peloso's ghost (novice MiFi)
 10011 | D:7      | Reached skill level 13 in Spellcasting
 10390 | D:8      | Noticed a two-headed ogre
 10470 | D:8      | Killed a two-headed ogre
 10585 | D:8      | Noticed a soul eater
 10840 | D:8      | Noticed a two-headed ogre
 10852 | D:8      | Killed a two-headed ogre
 10961 | D:8      | Reached skill level 14 in Spellcasting
 11552 | D:8      | Found a hide-covered altar of Uskayaw.
 11566 | D:8      | Learned a level 3 spell: Passwall
 11618 | D:8      | Found a white marble altar of Elyvilon.
 11618 | D:8      | Found a glowing silver altar of Zin.
 11618 | D:8      | Found a glowing golden altar of the Shining One.
 11700 | D:9      | Noticed a two-headed ogre
 11816 | D:9      | Identified the amulet of Ishioc {Reflect rC+ Int+3 SH+5}
 12102 | D:9      | Found a runed translucent door.
 12111 | D:9      | Killed a two-headed ogre
 12112 | D:9      | Reached XP level 11. HP: 56/56 MP: 16/31
 12256 | D:9      | Found a staircase to the Lair.
 12528 | D:9      | Found a radiant altar of Vehumet.
 12530 | D:9      | Found an ornate altar of the Wu Jian Council.
 13105 | D:10     | Entered Level 10 of the Dungeon
 13123 | D:10     | Noticed Fannar
 13135 | D:10     | Killed Fannar
 13316 | D:10     | Reached skill level 15 in Spellcasting
 13466 | D:10     | Found a shimmering altar of Xom.
 13498 | D:10     | Found the +7 mace of Variability {chaos, chaos arc}
 13626 | D:10     | Noticed Nergalle
 13630 | D:10     | Killed Nergalle
 13932 | D:9      | Found a stormy altar of Qazlal.
 13932 | D:9      | Found an iron altar of Okawaru.
 14806 | Lair:1   | Entered Level 1 of the Lair of Beasts
 14890 | D:11     | Noticed a cyan ugly thing
 14975 | D:9      | Reached skill level 5 in Dodging
 15437 | Lair:1   | Reached skill level 16 in Spellcasting
 16159 | Lair:1   | Reached skill level 1 in Translocations
 16181 | Lair:1   | Noticed a boulder beetle
 16425 | Lair:1   | Killed a boulder beetle
 16611 | Lair:2   | Reached XP level 12. HP: 51/61 MP: 33/34
 16618 | Lair:2   | Noticed a boulder beetle
 16872 | Lair:2   | Found a staircase to the Swamp.
 17056 | Lair:2   | Killed a boulder beetle
 17057 | Lair:2   | Reached skill level 5 in Alchemy
 17836 | Lair:3   | Reached skill level 17 in Spellcasting
 19004 | Lair:3   | Found a staircase to the Snake Pit.
 19112 | Lair:3   | Reached skill level 15 in Conjurations
 19133 | Lair:3   | Reached skill level 5 in Earth Magic
 20813 | Lair:5   | Entered Level 5 of the Lair of Beasts
 20818 | Lair:5   | Reached XP level 13. HP: 65/65 MP: 30/36
 20830 | Lair:4   | Reached skill level 18 in Spellcasting
 21997 | Lair:5   | Found a viscous altar of Jiyva.
 21997 | Lair:5   | Found a staircase to the Slime Pits.
 22587 | Lair:5   | Learned a level 5 spell: Fireball
 22954 | Lair:5   | Reached skill level 1 in Fire Magic
 23388 | Lair:5   | Reached skill level 19 in Spellcasting
 24272 | Lair:5   | Found a corrupted altar of Lugonu.
 24280 | Lair:5   | Found a one-way gate to the infinite horrors of the Abyss.
 25523 | D:11     | Found a corrupted altar of Lugonu.
 25748 | D:12     | Reached XP level 14. HP: 70/70 MP: 38/39
 26587 | D:12     | Found a staircase to the Orcish Mines.
 27024 | Lair:1   | Bought a +1 buckler of poison resistance for 256 gold
                  | pieces
 27024 | Lair:1   | Bought a +0 pair of boots of flying for 218 gold pieces
 27399 | D:13     | Found a gate to the Vaults.
 27756 | D:13     | Reached skill level 1 in Shields
 27860 | D:13     | Reached skill level 5 in Fire Magic
 27937 | D:13     | Reached skill level 20 in Spellcasting
 28286 | D:13     | Found a runed translucent gate.
 28287 | D:13     | Found a runed translucent gate.
 28287 | D:13     | Found a runed translucent gate.
 28287 | D:13     | Noticed ripuliukko's ghost (journeyman GrEE)
 28287 | D:13     | Noticed a lich
 28288 | D:13     | Found an ancient bone altar of Kikubaaqudgha.
 28288 | D:13     | Noticed a lich
 28288 | D:13     | Noticed cfcfcfcfcf's ghost (journeyman TeCj)
 28288 | D:13     | Noticed a lich
 28720 | D:14     | Noticed Snorg
 29708 | D:14     | Killed Snorg
 30223 | D:15     | Entered Level 15 of the Dungeon
 31512 | D:15     | Found a staircase to the Depths.
 31794 | D:15     | Found a runed translucent door.
 31818 | D:15     | Reached XP level 15. HP: 79/79 MP: 41/41
 32163 | D:9      | Identified the +6 whip of Cooz {antimagic, rElec Str+7
                  | Int-3 SInv}
 32257 | Swamp:1  | Entered Level 1 of the Swamp
 32270 | Swamp:1  | Reached skill level 21 in Spellcasting
 33047 | Swamp:1  | Identified the +3 leather armour "Opejyfiyrph" {+Blink
                  | Will+ Dex+3}
 33274 | Swamp:1  | Identified the +8 chain mail of Wolymug {rPois rC++ Str+2}
 34134 | Swamp:2  | Reached skill level 1 in Armour
 35582 | Swamp:3  | Noticed a fenstrider witch
 35626 | Swamp:3  | Noticed a fenstrider witch
 35628 | Swamp:3  | Identified the amulet "Punuf" {Reflect rF+ Str+3 SH+5}
 35709 | Swamp:3  | Found a runed translucent gate.
 35710 | Swamp:3  | Found a runed translucent gate.
 35711 | Swamp:3  | Found a runed translucent gate.
 35722 | Swamp:3  | Noticed ZingZang1235's ghost (adept FoFi)
 36094 | Swamp:4  | Entered Level 4 of the Swamp
 36607 | Swamp:4  | Noticed a thorn hunter
 36611 | Swamp:4  | Killed a thorn hunter
 37109 | Swamp:4  | Noticed a thorn hunter
 37244 | Swamp:4  | Reached XP level 16. HP: 86/86 MP: 28/43
 37307 | Swamp:4  | Reached skill level 5 in Fighting
 37625 | Swamp:4  | Killed a thorn hunter
 37775 | Swamp:4  | Got a decaying rune of Zot
 38266 | Snake:1  | Entered Level 1 of the Snake Pit
 38486 | Snake:1  | Reached skill level 5 in Evocations
 38953 | Snake:1  | Reached skill level 22 in Spellcasting
 41854 | Snake:2  | Reached skill level 5 in Shields
 43054 | Snake:3  | Identified the serpent talisman of Autotheism {rN++ Str+3
                  | Dex+2}
 43054 | Snake:3  | Noticed Aizul
 43149 | Snake:3  | Killed Aizul
 43509 | Snake:3  | Reached XP level 17. HP: 76/93 MP: 20/45
 44600 | Snake:3  | Reached skill level 10 in Dodging
 45038 | Snake:4  | Entered Level 4 of the Snake Pit
 46022 | Snake:4  | Reached skill level 5 in Armour
 49086 | Snake:4  | Reached XP level 18. HP: 100/100 MP: 9/46
 49318 | Snake:4  | Reached skill level 23 in Spellcasting
 49506 | Snake:4  | Killed by an exploding fulminant prism

Illustrated notes

Levels and vault maps discovered:
D:1:      lightli_arrival_statuegarden, layout_rooms, serial_shops,
          nicolae_square_shop, serial_forest, infiniplex_forest_clump_long,
          infiniplex_forest_end_1, infiniplex_forest_lined_2,
          infiniplex_forest_straight_1, infiniplex_forest_straight_3
D:2:      layout_rooms, shapermc_ecumenical_altar_mp_ritualfount,
          skrybe_limestone_x, kennysheep_path_1, minmay_circle_x, uniq_jessica,
          uniq_robin
D:3:      layout_basic, lemuel_doored_altar
D:4:      layout_gridville, nicolae_ossuary_entry_giza
D:5:      layout_basic, overflow_temple_1_default
D:6:      layout_basic, mainiacjoe_overflow_cross_hatched,
          overflow_temple_1_default, minmay_temple_entry_overgrown,
          minmay_misc_feat_ornament, st_stairs_10, uniq_jeremiah
D:7:      layout_cave_pods, mainiacjoe_overflow_brackets,
          gammafunk_ghost_necromancy, uniq_pikel, uniq_maurice
D:8:      layout_basic, dreamdust_divine_triumvirate,
          nicolae_uskayaw_murder_on_the_dancefloor
D:9:      layout_roguey, nicolae_overflow_hidden_temple, david_lair_generic,
          chequers_serial_rivers_micro_a, minmay_st_funbox
D:10:     layout_layer_cave, minmay_guarded_unrand_variability, uniq_nergalle,
          uniq_fannar
D:11:     layout_loops_ring, amcnicky_altar_lugonu_corruption
D:12:     layout_loops_ring, kennysheep_orc_monster_closet_entryway,
          uniq_gastronok
D:13:     nicolae_cairo_tiling, layout_basic, hellmonk_vaults_order_and_chaos,
          gammafunk_ghost_crypt
D:14:     layout_rooms, serial_demonic, serial_demonic_c, serial_demonic_b,
          serial_demonic_e, serial_demonic_g, hangedman_decor_growths,
          uniq_snorg
D:15:     hangedman_depths_entry_try_elsewhere_first, layout_gridville,
          minmay_crystal_box
Temple:   hellmonk_temple_divided_pantheon
Lair:1:   layout_cave_pods, infiniplex_staircase_pool, lemuel_fruit_fields
Lair:2:   layout_cave_shapes, minmay_swamp_entry_reptiles, grunt_megastairs_3,
          serial_bayou_shore_b, lemuel_fruit_tree, serial_bayou_shore_b
Lair:3:   layout_cave_pods, guppyfry_snake_entry_garden
Lair:4:   layout_regular_city
Lair:5:   hellmonk_lair_end_abyssal_woods, layout_layer_cave,
          dpeg_slime_entry_enclosed, grunt_megastairs_2, serial_bayou_shore_b
Swamp:1:  layout_basic_swamp, hangedman_swamp_cone
Swamp:2:  layout_basic_swamp, nicolae_swamp_feature_on_the_river_bank,
          swamp_pool_1_2
Swamp:3:  layout_basic_swamp, gammafunk_ghost_split, serial_swamp_ruin,
          hangedman_swamp_ruin_wall, evilmike_swamp_ruin_house_1,
          evilmike_swamp_ruin_rubble_1
Swamp:4:  swamp_alternative, layout_basic_swamp
Snake:1:  layout_layer_cave
Snake:2:  layout_misc_corridors, nicolae_large_snake_swirl
Snake:3:  layout_cave_town, uniq_aizul
Snake:4:  grunt_snake_rune_spirals, layout_onion_interference

Skill      XL: |  1  2  3  4  5  6  7  8  9 10 11 12 13 14 15 16 17 18 |
---------------+-------------------------------------------------------+-----
Conjurations   | 5 6 7 8 9 11 12 14 15 16 17 18 | 18.8
Spellcasting   | 4 5 7 9 12 14 16 17 19 20 21 22 23 | 23.0
Stealth        | 3 4 5 6 |  6.9
Evocations     | 1 4 6 7 |  7.8
Dodging        | 3 4 5 7 8 9 10 11 | 11.0
Earth Magic    | 1 2 5 6 7 9 |  9.2
Alchemy        | 1 3 4 6 7 8 |  8.3
Fighting       | 1 3 4 6 |  6.8
Translocations | 1 2 3 |  3.6
Fire Magic     | 4 5 7 8 9 |  9.6
Shields        | 3 4 5 6 |  6.1
Armour         | 2 4 5 |  5.5

Action                     |  1- 3 |  4- 6 |  7- 9 | 10-12 | 13-15 | 16-18 || total
---------------------------+-------+-------+-------+-------+-------+-------++-------
  Melee: Short sword       |     4 |       |       |       |       |       ||     4
         Dagger            |     1 |     1 |     5 |    14 |    11 |       ||    32
  Throw: Dart              |       |       |       |     6 |     2 |       ||     8
   Cast: Magic Dart        |    49 |    39 |    57 |    11 |     1 |       ||   157
         Searing Ray       |    11 |    20 |    48 |    27 |     2 |       ||   108
         Fulminant Prism   |       |       |    28 |   150 |   127 |   134 ||   439
         Stone Arrow       |       |       |    10 |    53 |    11 |     8 ||    82
         Iskenderun's Myst |       |       |     1 |    52 |    74 |    28 ||   155
         Fireball          |       |       |       |       |   336 |   316 ||   652
 Invoke: Potion Petition   |       |       |       |     1 |       |       ||     1
         Call Merchant     |       |       |       |       |     2 |       ||     2
  Evoke: Wand              |       |     3 |     4 |     3 |       |       ||    10
    Use: Scroll            |       |     8 |     4 |     6 |     8 |     2 ||    28
         Potion            |       |       |       |     1 |       |     1 ||     2
   Stab: Sleeping          |     4 |       |     4 |     2 |     3 |       ||    13
         Distracted        |       |       |       |     1 |       |       ||     1
 Armour: Robe              |     4 |    26 |    45 |    84 |    42 |       ||   201
         Leather armour    |       |       |       |       |    31 |    98 ||   129
  Dodge: Dodged            |     5 |    20 |    41 |    72 |    53 |    71 ||   262
  Block: Other             |       |       |       |    13 |     1 |       ||    14
         Buckler           |       |       |       |       |    37 |    54 ||    91
         Reflection        |       |       |       |       |    14 |    19 ||    33
